AoeStats
← firestarter0708

Lombardia

510163084Analyzed
2v2 RM · 4d ago on Sep 29, 2026· 61m 50s· 4 players
Game mode
Random Map
Map size
Medium (4 player)
Population
200
Speed
Normal
Resources
Standard
Victory
Conquest
Starting age
Dark Age
Ending age
Imperial Age
RankedLock teamsTeams togetherTeam positionsShared explorationLock speedFull tech treeHidden civsTurbo modeCheats
Victory
Defeat
🇦🇺 Teutons · Australia
974
+16
🇩🇪 Inca · Germany
946
+17
🇦🇹 Huns · Austria
996
-18
🇩🇪 Franks · Germany
939
-15
S1eKej86
1:03 Loom
10:47 Feudal Age
14:47 Champi Runner
17:41 Castle Age
15:46 Arson
18:28 Squires
18:48 Champi Warrior
23:15 Horse Collar
24:54 Double-Bit Axe
27:57 Treadmill Crane
28:39 Murder Holes
30:42 Fortified Wall
30:53 Ballistics
31:13 Pikeman
33:45 Bow Saw
34:31 Andean Sling
37:20 Wheelbarrow
36:49 Heavy Plow
40:19 Imperial Age
40:10 Forging
40:00 Scale Mail Armor
40:19 Hand Cart
39:56 Town Watch
40:50 Capped Ram
42:09 Crop Rotation
41:33 Gold Mining
41:36 Stone Mining
42:15 Town Patrol
42:29 Fabric Shields
42:54 Conscription
43:50 Elite Kamayuk
44:10 Elite Champi Warrior
45:33 Iron Casting
44:48 Halberdier
45:50 Chain Mail Armor
47:36 Gold Shaft Mining
47:41 Stone Shaft Mining
48:10 Blast Furnace
47:00 Fletching
47:24 Caravan
47:50 Elite Skirmisher
48:37 Thumb Ring
48:42 Padded Archer Armor
49:13 Plate Mail Armor
49:50 Chemistry
48:57 Siege Engineers
50:06 Bodkin Arrow
50:27 Leather Archer Armor
51:54 Hoardings
54:08 Bracer
54:38 Ring Archer Armor
Penguins1891
8:28 Loom
10:47 Feudal Age
11:42 Double-Bit Axe
11:43 Horse Collar
15:40 Wheelbarrow
18:07 Castle Age
16:14 Gold Mining
18:31 Scale Barding Armor
18:37 Forging
18:51 Bloodlines
26:46 Chain Barding Armor
34:33 Imperial Age
34:33 Pikeman
36:10 Plate Barding Armor
38:07 Iron Casting
37:45 Scale Mail Armor
37:29 Cavalier
41:00 Scale Mail Armor
42:01 Blast Furnace
42:10 Hand Cart
42:14 Halberdier
42:54 Squires
43:11 Chain Mail Armor
44:08 Conscription
44:08 Caravan
46:54 Fletching
47:04 Padded Archer Armor
47:35 Plate Mail Armor
48:01 Ballistics
47:47 Siege Engineers
48:45 Chemistry
47:43 Elite Skirmisher
49:15 Stone Mining
51:10 Leather Archer Armor
56:12 Gambesons
57:05 Bombard Tower
56:41 Bodkin Arrow
57:17 Ring Archer Armor
firestarter0708
7:45 Loom
10:16 Feudal Age
10:43 Double-Bit Axe
10:40 Horse Collar
20:00 Castle Age
18:42 Fletching
19:04 Gold Mining
20:19 Wheelbarrow
19:31 Town Watch
20:55 Padded Archer Armor
20:54 Stone Mining
22:03 Leather Archer Armor
24:23 Ballistics
26:09 Crossbowman
27:10 Bodkin Arrow
28:50 Heavy Plow
29:34 Husbandry
29:55 Bloodlines
30:43 Gold Shaft Mining
32:06 Hand Cart
32:32 Thumb Ring
33:41 Town Patrol
33:10 Light Cavalry
33:59 Scale Barding Armor
34:05 Forging
38:04 Imperial Age
37:42 Chain Barding Armor
40:18 Masonry
39:34 Elite Skirmisher
41:21 Marauders
41:49 Bow Saw
42:07 Scale Mail Armor
42:48 Iron Casting
42:59 Bracer
44:37 Plate Barding Armor
45:31 Blast Furnace
45:00 Hussar
46:02 Heavy Cavalry Archer
47:25 Parthian Tactics
drumm.magnus
11:12 Feudal Age
18:48 Castle Age
17:31 Scale Mail Armor
18:58 Scale Barding Armor
18:47 Stone Mining
19:07 Double-Bit Axe
19:15 Gold Mining
20:48 Husbandry
24:51 Pikeman
27:39 Gambesons
28:03 Squires
37:19 Imperial Age
37:35 Cavalier
42:13 Gold Shaft Mining
42:26 Halberdier
45:24 Forging
45:30 Chain Mail Armor
57:58 Bow Saw
Connection lost

Rejoining the realm…

Still unreachable

The connection could not be restored.

Session expired

The server has moved on; the page needs a fresh start.